 Dungeon Sprint DCSS version 0.30-a0-989-g0d87f670db (webtiles) character file.

Game seed: 4830816371579656146

65 rocky1 the Shield-Bearer (level 4, 0/39 HPs)
             Began as a Formicid Fighter on Apr 4, 2023.
             Slain by a human (7 damage)
             ... in the Dungeon (Sprint III: "The Ten Rune Challenge").
             The game lasted 00:00:46 (214 turns).

rocky1 the Shield-Bearer (Formicid Fighter)          Turns: 214, Time: 00:00:46

Health: 0/39       AC:  7    Str: 22    XL:     4   Next: 34%
Magic:  4/4        EV:  9    Int:  8    God:
Gold:   46         SH:  5    Dex: 13    Spells: 3/3 levels left

rFire   . . .      SeeInvis +    a - +0 trident
rCold   . . .      Faith    .    c - +0 buckler
rNeg    . . .      Spirit   .    b - +0 scale mail
rPois   .          Reflect  .    (helmet unavailable)
rElec   .          Rampage  .    (no cloak)
rCorr   .                        (no gloves)
Will    .....                    (no boots) Stlth
                                 (no amulet)
HPRegen 0.26/turn                (no ring)
MPRegen 0.09/turn                (no ring)

@: no status effects
A: permanent stasis, dig shafts and tunnels, antennae 3, four strong arms
a: Dig


You were in the Dungeon.
You visited 1 branch You collected 46 gold pieces.

Inventory:

Hand Weapons
 a - a +0 trident (weapon)
Armour
 b - a +0 scale mail (worn)
 c - a +0 buckler (worn)
Scrolls
 f - a scroll of poison {unknown}
 h - a scroll of blinking
 i - 4 scrolls of identify
 l - a scroll of torment {unknown}
Potions
 d - a potion of might
 e - a potion of curing
 g - 2 potions of magic
 j - a potion of heal wounds
 k - 4 potions of flight
 m - 4 potions of mutation


   Skills:
 + Level 5.5 Fighting
 + Level 3.5 Polearms
 + Level 5.3 Armour
 + Level 0.4 Dodging
 + Level 6.7 Shields


You had 3 spell levels left.
You didn't know any spells.
Your spell library was empty.

Dungeon Overview and Level Annotations

Branches:
Dungeon (1/1)

Altars:


Innate Abilities, Weirdness & Mutations

You cannot be hasted, slowed, berserked, paralysed or teleported.
You can dig through walls and to a lower floor.
You have a pair of large antennae on your head. (SInv)
Your four strong arms can wield two-handed weapons with a shield.


Message History

You hit the human but do no damage.
The human is severely wounded.
The human hits you. You block the human's attack.
You barely miss the human.
The human is severely wounded.
You block the human's attack.
You hit the human but do no damage.
The human is severely wounded.
The human hits you but does no damage.
You closely miss the human.
The human is severely wounded.
The human closely misses you.
You barely miss the human.
The human is severely wounded.
The human hits you.
* * * LOW HITPOINT WARNING * * *
You closely miss the human.
The human is severely wounded.
The human hits you.
* * * LOW HITPOINT WARNING * * *
You hit the human.
The human is severely wounded.
The human hits you.
* * * LOW HITPOINT WARNING * * *
You hit the human but do no damage.
The human is severely wounded.
The human hits you but does no damage.
You barely miss the human.
The human is severely wounded.
The human hits you but does no damage. The human barely misses you.
You hit the human.
The human is severely wounded.
The human closely misses you.
You closely miss the human.
The human is severely wounded.
You block the human's attack.
You closely miss the human.
The human is severely wounded.
The human hits you!
You die...

▓#†####.....♣♣
▓.....#....~.♣
▓.....#...~~♣♣♣♣
▓.....#..~~~~..♣♣
▓####'#..~≈≈~~~.♣.
▓.....#.~~≈~~~....
▓.....#.~≈~~~.....
▓.....#.~~~.......
▓'#####...@p......
▓.................
▓▓▓▓▓▓▓▓▓▓▓▓▓▓▓▓▓▓
{ { { { { { { { {{


You could see a human.

Vanquished Creatures
  A scorpion (D)
  An endoplasm (D)
  3 rats (D)
5 creatures vanquished.

Notes
Turn   | Place    | Note
-------+----------+-------------------------------------------
     0 | D        | rocky1 the Formicid Fighter began the quest for the Orb.
     0 | D        | Reached XP level 1. HP: 18/18 MP: 1/1
    34 | D        | Noticed a scorpion
    55 | D        | Killed a scorpion
    56 | D        | Reached skill level 5 in Fighting
    56 | D        | Reached skill level 5 in Armour
    56 | D        | Reached skill level 6 in Shields
    56 | D        | Reached XP level 2. HP: 27/27 MP: 2/2
    56 | D        | Reached XP level 3. HP: 33/33 MP: 3/3
    56 | D        | Reached XP level 4. HP: 39/39 MP: 4/4
   214 | D        | Slain by a human

Illustrated notes

Levels and vault maps discovered:
D:        dungeon_sprint_mu [sprint_mu_entry_forest, sprint_mu_temple_rooms,
          sprint_mu_d1_horrors, sprint_mu_d2_genie, sprint_mu_d3_branching,
          sprint_mu_orc_legion, sprint_mu_elf_gauntlet, sprint_mu_hive_nellie,
          sprint_mu_lair_fedhas, sprint_mu_vaults_butterflies,
          sprint_mu_slime_circle, sprint_mu_swamp_cave, sprint_mu_shoals_kraken,
          sprint_mu_blade_basic, sprint_mu_crypt_lich, sprint_mu_tomb_spiral,
          sprint_mu_vestibule_basic, sprint_mu_gehenna_hellfire,
          sprint_mu_dis_giant, sprint_mu_tartarus_statrot,
          sprint_mu_cocytus_islands, sprint_mu_zot1]

Skill      XL: |  1 |
---------------+----+-----
Fighting       | 5 |  5.5
Polearms       | 3 |  3.5
Armour         | 5 |  5.3
Shields        | 6 |  6.7
Dodging        | |  0.4

Action                     |  1- 3 |  4- 6 || total
---------------------------+-------+-------++-------
  Melee: Trident           |    24 |    37 ||    61
    Use: Potion            |     1 |       ||     1
 Armour: Scale mail        |     9 |    11 ||    20
  Dodge: Dodged            |    10 |    11 ||    21
  Block: Buckler           |     5 |     9 ||    14

Table legend: (Time is in decaauts)
 A = Elapsed time spent in this place.
 B = Non-inter-level travel time spent in this place.
 C = Inter-level travel time spent in this place.
 D = Time resting spent in this place.
 E = Time spent auto-exploring this place.
 F = Levels seen in this place.
 G = Mean time per level.
                   A        B        C        D        E       F      G
               +--------+--------+--------+--------+--------+-----+--------+
         Total |    225 |    225 |      0 |     85 |     14 |   1 |  225.0 |
       Dungeon |    225 |    225 |      0 |     85 |     14 |   1 |  225.0 |
               +--------+--------+--------+--------+--------+-----+--------+

Top non-repeatable levels by time:
       D: 225 daAuts
